 Dungeon Crawl Stone Soup version 0.29-a0-284-gf9362112df (webtiles) character file.

Game seed: 7248077104717106884

1741 iguanaiguana the Cruncher (level 9, 0/65 HPs)
             Began as a Formicid Fighter on Mar 15, 2022.
             Was an Elder of Okawaru.
             Killed from afar by an electric eel (4 damage)
             ... with a bolt of electricity
             ... in a bailey on Mar 16, 2022.
             The game lasted 00:14:01 (7362 turns).

iguanaiguana the Cruncher (Formicid Fighter)        Turns: 7362, Time: 00:14:02

Health: 0/65       AC: 14    Str: 25    XL:     9   Next: 26%
Magic:  12/12      EV:  5    Int:  8    God:    Okawaru [****..]
Gold:   347        SH: 13    Dex: 10    Spells: 8/8 levels left

rFire   . . .      SeeInvis +   a - +0 quarterstaff
rCold   . . .      Faith    .   n - +0 kite shield
rNeg    + . .      Spirit   .   q - +0 plate armour
rPois   .          Reflect  +   (helmet unavailable)
rElec   .          Harm     .   (no cloak)
rCorr   .          Rampage  .   x - +2 pair of gloves
Will    .....                   (no boots)
Stlth   ..........              g - amulet of reflection
HPRegen 0.20/turn               b - ring of positive energy
MPRegen 0.13/turn               (no ring)

@: no status effects
A: permanent stasis, dig shafts and tunnels, antennae 3, four strong arms
a: Dig, Renounce Religion, Heroism, Finesse


You were in a bailey.
You worshipped Okawaru.
Okawaru was greatly pleased with you.
You visited 1 branch of the dungeon, and saw 7 of its levels.
You also visited: Bailey.

You collected 347 gold pieces.

Inventory:

Hand Weapons
 a - a +0 quarterstaff (weapon)
Armour
 c - a +0 buckler
 n - a +0 kite shield (worn)
 q - a +0 plate armour (worn)
 x - a +2 pair of gloves (worn)
Jewellery
 b - a ring of positive energy (left hand)
 g - an amulet of reflection (around neck)
 u - a ring of protection from cold
 w - a +6 ring of intelligence
Wands
 v - a wand of iceblast (7) {@v2}
Scrolls
 m - a scroll of magic mapping {@r5}
 o - a scroll of brand weapon {unknown}
 p - a scroll of enchant armour
 s - a scroll of amnesia {unknown}
 t - a scroll of fear {unknown}
Potions
 d - a potion of might {@q3}
 e - 5 potions of curing {@q1}
 f - 3 potions of brilliance
 h - a potion of magic
 i - a potion of lignification
 k - a potion of berserk rage {unknown}
 l - a potion of cancellation {unknown}
 r - a potion of flight {unknown}


   Skills:
 - Level 3.9 Fighting
 * Level 10.1 Staves
 - Level 3.9 Armour
 + Level 5.2 Shields
 * Level 4.0 Invocations


You had 8 spell levels left.
You didn't know any spells.
Your spell library contained the following spells:

 Spells                   Type           Power      Damage    Failure   Level
 Slow                     Hex            0%         N/A       100%        1
 Corpse Rot               Necr/Air       0%         N/A       100%        2
 Poisonous Vapours        Pois/Air       0%         N/A       100%        2
 Confusing Touch          Hex            0%         N/A       100%        3
 Vampiric Draining        Necr           0%         2d6       100%        3


Dungeon Overview and Level Annotations

Branches:
Dungeon (7/15)             Temple (0/1) D:7          Bailey (1/1)

Altars:
Cheibriados
Dithmenos
Makhleb
Okawaru
Uskayaw
Wu Jian
Xom

Shops:
D:4 :


Innate Abilities, Weirdness & Mutations

You cannot be hasted, slowed, berserked, paralysed or teleported.
You can dig through walls and to a lower floor.
You have a pair of large antennae on your head. (SInv)
Your four strong arms can wield two-handed weapons with a shield.


Message History

The electric eel shoots out a bolt of lightning at you!
The bolt of electricity hits you!
The electric eel shoots out a bolt of lightning at you!
The bolt of electricity hits you but does no damage.
The bolt of electricity hits you!
* * * LOW HITPOINT WARNING * * *
The electric eel shoots out a bolt of lightning at you!
The bolt of electricity hits you!
* * * LOW HITPOINT WARNING * * *
The electric eel shoots out a bolt of lightning at you!
The bolt of electricity hits you!
* * * LOW HITPOINT WARNING * * *
The bolt of electricity hits you!
* * * LOW HITPOINT WARNING * * *
It was a potion of heal wounds.
You feel much better.
You open the door. 2 orc warriors come into view.
The orc warrior shouts! x2
The electric eel shoots out a bolt of lightning at you!
The bolt of electricity hits you!
* * * LOW HITPOINT WARNING * * *
The bolt of electricity hits you!
* * * LOW HITPOINT WARNING * * *
The bolt of electricity hits the electric eel.
The electric eel completely resists.
You block the orc warrior's attack.
There is an open door here.
Okay, then.
You feel better.
The orc warrior hits you with a +0 battleaxe.
* * * LOW HITPOINT WARNING * * *
The orc warrior barely misses you.
The orc warrior attacks as you move away!
The orc warrior hits you with a +0 battleaxe!
* * * LOW HITPOINT WARNING * * *
The orc warrior attacks as you move away!
You block the orc warrior's attack.
The electric eel shoots out a bolt of lightning at you!
The bolt of electricity hits you.
You die...

≈≈≈≈≈≈≈≈≈≈)..≈≈≈≈≈
≈≈≈≈≈≈≈≈≈≈)).≈≈≈≈≈ ≈≈≈≈
######≈≈≈≈.))≈≈≈≈# ≈≈≈≈≈
..#...........#
≈≈≈≈≈≈###..#####'''#####
≈≈≈≈≈≈#....#..'.....'..#
≈≈≈≈≈≈#oo..#..'.....'..#
≈≈≈≈≈≈#'####..#..⌠..#..#
≈≈≈≈≈≈S@#.....#.....#...
≈≈≈≈≈≈≈.#.8...#.....# ..
≈≈≈≈≈≈≈.#.....####### ..
≈≈≈≈≈≈≈.#.8#### #
≈≈≈≈≈≈≈.#..# { {
≈≈≈≈≈≈≈.#.8# {
≈≈≈≈≈≈≈.#).#
≈≈≈≈≈≈≈.##)# {
≈≈≈≈≈≈≈.#..#


You could see 2 orc warriors and an electric eel.

Vanquished Creatures
  A water moccasin (D:5)
  2 black bears (D:5)
  An ice beast (D:4)
  4 orc warriors (Bailey)
  An ogre (D:6)
  2 phantoms
  3 scorpions
  An electric eel (Bailey)
  2 orc priests
  2 hounds
  2 jellies (D:7)
  2 iguanas
  11 gnolls
  6 adders
  A shadow imp (D:6)
  An adder skeleton (D:2)
  An adder zombie (D:2)
  2 worms
  2 dart slugs
  15 orcs
  14 ball pythons
  7 bats
  A bat zombie (D:2)
  3 endoplasms
  3 giant cockroaches
  15 goblins
  6 hobgoblins
  7 jackals
  11 kobolds
  4 quokkas
  A ball python zombie (D:2)
  3 frilled lizards
  2 quokka zombies (D:2)
  5 rats
144 creatures vanquished.

Vanquished Creatures (others)
  2 plants (D:7)
  3 withered plants (D:2)
5 creatures vanquished.

Grand Total: 149 creatures vanquished

Notes
Turn   | Place    | Note
-------+----------+-------------------------------------------
     0 | D:1      | iguanaiguana the Formicid Fighter began the quest for the
                  | Orb.
     0 | D:1      | Reached XP level 1. HP: 18/18 MP: 1/1
   142 | D:1      | Reached XP level 2. HP: 24/24 MP: 2/2
   296 | D:1      | Reached XP level 3. HP: 29/29 MP: 3/3
   731 | D:1      | Found a faded altar of an unknown god.
   785 | D:1      | Prayed at the altar of an unknown god.
   785 | D:1      | Became a worshipper of Warmaster Okawaru
   785 | D:1      | Reached * piety under Okawaru
  1014 | D:2      | Reached XP level 4. HP: 31/36 MP: 4/4
  1081 | D:2      | Reached skill level 3 in Staves
  1222 | D:2      | You fall into a shaft and drop 2 floors!
  1479 | D:4      | Found an iron altar of Okawaru.
  1597 | D:4      | Found Tyciof's Book Emporium.
  1703 | D:3      | Found a shimmering altar of Xom.
  1748 | D:2      | Found a shadowy altar of Dithmenos.
  2158 | D:2      | Reached XP level 5. HP: 34/42 MP: 5/5
  2338 | D:2      | You fall into a shaft and drop 1 floor!
  2384 | D:3      | Reached skill level 4 in Staves
  3181 | D:3      | Found an ornate altar of the Wu Jian Council.
  3673 | D:4      | Reached XP level 6. HP: 31/48 MP: 3/6
  4003 | D:4      | Reached skill level 5 in Staves
  4115 | D:5      | Entered Level 5 of the Dungeon
  4152 | D:4      | Reached ** piety under Okawaru
  4153 | D:4      | Reached skill level 6 in Staves
  4153 | D:4      | Reached XP level 7. HP: 39/53 MP: 7/7
  4540 | D:4      | Reached skill level 7 in Staves
  4916 | D:5      | Reached XP level 8. HP: 43/60 MP: 8/8
  5027 | D:5      | Reached skill level 8 in Staves
  5084 | D:5      | Reached *** piety under Okawaru
  5265 | D:5      | Reached skill level 9 in Staves
  5339 | D:5      | Found a snail-covered altar of Cheibriados.
  5348 | D:5      | Found a burning altar of Makhleb.
  5349 | D:5      | Found a hide-covered altar of Uskayaw.
  6253 | D:6      | Reached skill level 1 in Invocations
  6563 | D:7      | Found a flagged portal.
  6579 | Bailey   | Entered a bailey
  6729 | Bailey   | Reached XP level 9. HP: 46/65 MP: 7/10
  7002 | Bailey   | Reached skill level 5 in Shields
  7232 | Bailey   | Reached skill level 10 in Staves
  7255 | Bailey   | Reached **** piety under Okawaru
  7362 | Bailey   | Killed from afar by an electric eel

Illustrated notes

Levels and vault maps discovered:
D:1:      nzn_arrival_depleted_hourglass, layout_basic,
          hellmonk_ecumenical_altar_lost_god, chequers_decorated_corner
D:2:      minmay_evil_eye, layout_basic, basic_altar, serial_undead,
          serial_undead_e, serial_undead_e, serial_undead_e, serial_undead_a,
          minmay_tripent
D:3:      layout_basic, nzn_wu_jian_contemplation,
          mainiacjoe_overflow_concentric_impassable
D:4:      nicolae_cairo_tiling_very_big, layout_loops_ring, lemuel_tele_altar,
          serial_shops, nicolae_lakefront_shop
D:5:      layout_rooms, minitemple
D:6:      layout_basic
D:7:      lemuel_bear_cage, layout_basic, minmay_temple_entry_glass,
          enter_bailey_3, serial_bayou, serial_bayou_ford_a,
          serial_bayou_lake_a, serial_bayou_lagoon_a, serial_bayou_lagoon_b,
          uniq_joseph
Bailey:   bailey_axe_of_yendor_kennysheep, bailey

Skill      XL: |  1  2  3  4  5  6  7  8  9 |
---------------+----------------------------+-----
Shields        | 4 5 |  5.2
Staves         | 3 4 6 7 9 10 | 10.1
Invocations    | 2 4 |  4.0
Fighting       | |  3.9
Armour         | |  3.9

Action                   |  1- 3 |  4- 6 |  7- 9 || total
-------------------------+-------+-------+-------++-------
Melee: Quarterstaff      |    99 |   202 |   274 ||   575
Invok: Heroism           |       |     3 |     6 ||     9
 Abil: Shaft Self        |       |     1 |       ||     1
  Use: Scroll            |       |     8 |     3 ||    11
       Potion            |       |     1 |     2 ||     3
Armor: Scale mail        |    44 |    53 |       ||    97
       Plate armour      |       |    28 |    95 ||   123
Dodge: Dodged            |    49 |    79 |    41 ||   169
Block: Buckler           |    27 |    53 |       ||    80
       Kite shield       |       |    20 |   181 ||   201

Table legend: (Time is in decaauts)
 A = Elapsed time spent in this place.
 B = Non-inter-level travel time spent in this place.
 C = Inter-level travel time spent in this place.
 D = Time resting spent in this place.
 E = Time spent auto-exploring this place.
 F = Levels seen in this place.
 G = Mean time per level.
                   A        B        C        D        E       F      G
               +--------+--------+--------+--------+--------+-----+--------+
         Total |   7400 |   7041 |    359 |   1509 |   4273 |   8 |  925.0 |
       Dungeon |   6638 |   6279 |    359 |   1039 |   4153 |   7 |  948.3 |
        Bailey |    762 |    762 |      0 |    470 |    120 |   1 |  762.0 |
               +--------+--------+--------+--------+--------+-----+--------+

Top non-repeatable levels by time:
     D:4: 1500 daAuts
     D:2: 1199 daAuts
     D:3: 1082 daAuts
     D:6: 981 daAuts
     D:1: 962 daAuts
     D:5: 855 daAuts
  Bailey: 762 daAuts
     D:7: 55 daAuts
